TOP OF THE 1ST |
Wichita Outriders batting - Pitching for Milton Bills : LHP Morris Nicholson
|
Pitching: LHP Morris Nicholson
|
|
Batting: SHB Ken Osborne
|
0-0: Called Strike 0-1: Fly out, F8 (Flyball, 8LM)
|
Batting: LHB Mike Parker
|
0-0: Foul Ball, location: 2F 0-1: Swinging Strike 0-2: Ball 1-2: Ball 2-2: Ball 3-2: Foul Ball, location: 2F 3-2: Foul Ball, location: 2F 3-2: Fly out, F9 (Flyball, 89M)
|
Batting: LHB Denny Young
|
0-0: Ball 1-0: Foul Ball, location: 2F 1-1: Ball 2-1: Ball 3-1: Fly out, F8 (Flyball, 8LM)
|
Top of the 1st over - 0 run(s), 0 hit(s), 0 error(s), 0 left on base; Wichita 0 - Milton 0 |
BOTTOM OF THE 1ST |
Milton Bills batting - Pitching for Wichita Outriders : RHP Jim Unknown
|
Pitching: RHP Jim Unknown
|
|
Batting: LHB Monte Pollard
|
0-0: Called Strike 0-1: Fly out, F9 (Flyball, 9M)
|
Batting: RHB Shane Franklin
|
0-0: Called Strike 0-1: SOLO HOME RUN (Flyball, 89XD), Distance : 432 ft
|
Batting: LHB Johnny Hernández
|
0-0: Ball 1-0: Ball 2-0: Ball 3-0: Called Strike 3-1: Ground out 4-3 (Groundball, 34)
|
Batting: RHB Roberto Andrade
|
0-0: Called Strike 0-1: Ground out 1-3 (Groundball, 13S)
|
Bottom of the 1st over - 1 run(s), 1 hit(s), 0 error(s), 0 left on base; Wichita 0 - Milton 1 |
TOP OF THE 2ND |
Wichita Outriders batting - Pitching for Milton Bills : LHP Morris Nicholson
|
Batting: LHB Lonnie Austin
|
0-0: Called Strike 0-1: Swinging Strike 0-2: Ball 1-2: Strikes out swinging
|
Batting: RHB Jim Unknown
|
0-0: Fly out, F9 (Flyball, 9LS)
|
Batting: RHB Chris Green
|
0-0: Called Strike 0-1: Ball 1-1: Ball 2-1: Ball 3-1: Called Strike 3-2: Strikes out swinging
|
Top of the 2nd over - 0 run(s), 0 hit(s), 0 error(s), 0 left on base; Wichita 0 - Milton 1 |
BOTTOM OF THE 2ND |
Milton Bills batting - Pitching for Wichita Outriders : RHP Jim Unknown
|
Batting: SHB Al Anderson
|
0-0: Ball 1-0: Fly out, F6 (Popup, 56D)
|
Batting: LHB Lance Schiffer
|
0-0: Ball 1-0: Fly out, F9 (Line Drive, 9LM)
|
Batting: RHB Luis Silva
|
0-0: Ball 1-0: Swinging Strike 1-1: Ball 2-1: Called Strike 2-2: Strikes out swinging
|
Bottom of the 2nd over - 0 run(s), 0 hit(s), 0 error(s), 0 left on base; Wichita 0 - Milton 1 |
TOP OF THE 3RD |
Wichita Outriders batting - Pitching for Milton Bills : LHP Morris Nicholson
|
Batting: RHB Harry Simpson
|
0-0: Swinging Strike 0-1: Ball 1-1: Foul Ball, location: 2F 1-2: Strikes out swinging
|
Batting: RHB Jonah Moody
|
0-0: Called Strike 0-1: SINGLE (Flyball, 8RS)
|
Batting: SHB Felipe González
|
0-0: Ball 1-0: Ball 2-0: Ball 3-0: Called Strike 3-1: Base on Balls Jonah Moody to second
|
Batting: SHB Ken Osborne
|
0-0: Called Strike 0-1: Foul Ball, location: 2F 0-2: Ball 1-2: Fielders Choice at 2nd, 6-4 (Groundball, 6M) Jonah Moody to third
|
Batting: LHB Mike Parker
|
0-0: Ball 1-0: Fly out, F7 (Flyball, 78M)
|
Top of the 3rd over - 0 run(s), 1 hit(s), 0 error(s), 2 left on base; Wichita 0 - Milton 1 |
BOTTOM OF THE 3RD |
Milton Bills batting - Pitching for Wichita Outriders : RHP Jim Unknown
|
Batting: RHB Alden Wiley
|
0-0: Called Strike 0-1: Ball 1-1: Foul Ball, location: 2F 1-2: Ball 2-2: Ball 3-2: Base on Balls
|
Batting: RHB Steve McLeod
|
0-0: Ball 1-0: Ball 2-0: Fly out, F7 (Flyball, 78S)
|
Batting: LHB Monte Pollard
|
0-0: Ball 1-0: Swinging Strike 1-1: Grounds into double play, 1-6-3 (Groundball, 13)
|
Bottom of the 3rd over - 0 run(s), 0 hit(s), 0 error(s), 0 left on base; Wichita 0 - Milton 1 |
TOP OF THE 4TH |
Wichita Outriders batting - Pitching for Milton Bills : LHP Morris Nicholson
|
Batting: LHB Denny Young
|
0-0: SINGLE (Line Drive, 78S)
|
Batting: LHB Lonnie Austin
|
0-0: Ball 1-0: Ball 2-0: Ball 3-0: Base on Balls Denny Young to second
|
Batting: RHB Jim Unknown
|
0-0: SINGLE (Line Drive, 6MD) Denny Young to third Lonnie Austin to second
|
Batting: RHB Chris Green
|
0-0: DOUBLE (Line Drive, 78D) Denny Young scores Lonnie Austin scores Jim Unknown to third
|
Batting: RHB Harry Simpson
|
0-0: Foul Ball, location: 2F 0-1: Ball 1-1: Called Strike 1-2: Strikes out swinging
|
Batting: RHB Jonah Moody
|
0-0: Ball 1-0: Fly out, F8 (Line Drive, 8RM) Runner from 3rd tags up, SCORES, throw made
|
Batting: SHB Felipe González
|
0-0: Ball 1-0: Called Strike 1-1: SINGLE (Line Drive, 4MD) Chris Green to third Runner from 3rd tries for Home, SAFE, no throw or cutoff
|
Batting: SHB Ken Osborne
|
0-0: Called Strike 0-1: Ground out 5-3 (Groundball, 56)
|
Top of the 4th over - 4 run(s), 4 hit(s), 0 error(s), 1 left on base; Wichita 4 - Milton 1 |
BOTTOM OF THE 4TH |
Milton Bills batting - Pitching for Wichita Outriders : RHP Jim Unknown
|
Batting: RHB Shane Franklin
|
0-0: Ball 1-0: Fly out, F9 (Flyball, 9M)
|
Batting: LHB Johnny Hernández
|
0-0: Ground out 4-3 (Groundball, 4M)
|
Batting: RHB Roberto Andrade
|
0-0: Called Strike 0-1: Swinging Strike 0-2: Foul Ball, location: 2F 0-2: Foul Ball, location: 2F 0-2: Ball Reached via error on a dropped throw, E3
|
Batting: SHB Al Anderson
|
0-0: Foul Ball, location: 2F 0-1: Ball 1-1: Swinging Strike 1-2: Strikes out swinging
|
Bottom of the 4th over - 0 run(s), 0 hit(s), 1 error(s), 1 left on base; Wichita 4 - Milton 1 |
TOP OF THE 5TH |
Wichita Outriders batting - Pitching for Milton Bills : LHP Morris Nicholson
|
Batting: LHB Mike Parker
|
0-0: Called Strike 0-1: Ball 1-1: Foul Ball, location: 2F 1-2: Ball 2-2: Strikes out looking
|
Batting: LHB Denny Young
|
0-0: Called Strike 0-1: Ground out U3 (Groundball, 3)
|
Batting: LHB Lonnie Austin
|
0-0: Swinging Strike 0-1: Ball 1-1: Foul Ball, location: 2F 1-2: Ball 2-2: Ball 3-2: Base on Balls
|
Batting: RHB Jim Unknown
|
0-0: Swinging Strike 0-1: Swinging Strike 0-2: Strikes out swinging
|
Top of the 5th over - 0 run(s), 0 hit(s), 0 error(s), 1 left on base; Wichita 4 - Milton 1 |
BOTTOM OF THE 5TH |
Milton Bills batting - Pitching for Wichita Outriders : RHP Jim Unknown
|
Batting: LHB Lance Schiffer
|
0-0: Called Strike 0-1: Foul Ball, location: 2F 0-2: Foul Ball, location: 2F 0-2: Foul Ball, location: 2F 0-2: Ball 1-2: Strikes out swinging
|
Batting: RHB Luis Silva
|
0-0: Swinging Strike 0-1: Called Strike 0-2: Strikes out swinging
|
Batting: RHB Alden Wiley
|
0-0: Called Strike 0-1: Ball 1-1: Called Strike 1-2: SINGLE (Line Drive, 56D)
|
Batting: RHB Steve McLeod
|
0-0: Called Strike 0-1: Ball 1-1: Ball 2-1: Ball Wild Pitch! Alden Wiley to second 3-1: Base on Balls
|
Batting: LHB Monte Pollard
|
0-0: Called Strike 0-1: Foul Ball, location: 2F 0-2: Strikes out swinging
|
Bottom of the 5th over - 0 run(s), 1 hit(s), 0 error(s), 2 left on base; Wichita 4 - Milton 1 |
TOP OF THE 6TH |
Wichita Outriders batting - Pitching for Milton Bills : LHP Morris Nicholson
|
Batting: RHB Chris Green
|
0-0: Swinging Strike 0-1: Ball 1-1: Ground out 1-3 (Groundball, 15)
|
Batting: RHB Harry Simpson
|
0-0: Called Strike 0-1: Called Strike 0-2: Fly out, F8 (Flyball, 8LM)
|
Batting: RHB Jonah Moody
|
0-0: Swinging Strike 0-1: Ground out 5-3 (Groundball, 56)
|
Top of the 6th over - 0 run(s), 0 hit(s), 0 error(s), 0 left on base; Wichita 4 - Milton 1 |
BOTTOM OF THE 6TH |
Milton Bills batting - Pitching for Wichita Outriders : RHP Jim Unknown
|
Batting: RHB Shane Franklin
|
0-0: Fly out, F9 (Popup, 3D)
|
Batting: LHB Johnny Hernández
|
0-0: Swinging Strike 0-1: Ball 1-1: Ground out 4-3 (Groundball, 4M)
|
Batting: RHB Roberto Andrade
|
0-0: Called Strike 0-1: Ball 1-1: SINGLE (Flyball, 7S)
|
Batting: SHB Al Anderson
|
0-0: Called Strike Roberto Andrade steals 2nd base 0-1: Foul Ball, location: 2F 0-2: Ball 1-2: Strikes out swinging
|
Bottom of the 6th over - 0 run(s), 1 hit(s), 0 error(s), 1 left on base; Wichita 4 - Milton 1 |
TOP OF THE 7TH |
Wichita Outriders batting - Pitching for Milton Bills : LHP Morris Nicholson
|
Batting: SHB Felipe González
|
0-0: Ball 1-0: Ball 2-0: Foul Ball, location: 2F 2-1: Ground out 6-3 (Groundball, 6)
|
Batting: SHB Ken Osborne
|
0-0: Ball 1-0: Ball 2-0: Called Strike 2-1: DOUBLE (Groundball, 5L)
|
Batting: LHB Mike Parker
|
0-0: Called Strike 0-1: Ball 1-1: SINGLE (Line Drive, 89S) Ken Osborne to third
|
Batting: LHB Denny Young
|
0-0: Reached on error, E2 (Groundball, 2L) Ken Osborne scores Mike Parker to third
|
Batting: LHB Lonnie Austin
|
0-0: Called Strike 0-1: Foul Ball, location: 2F 0-2: SINGLE (Groundball, 4MD) Mike Parker scores Denny Young to third Runner from 3rd tries for Home, SAFE, throw made home
|
Pitching: LHP Eric Baxter
|
|
Batting: RHB Jim Unknown
|
0-0: Foul Ball, location: 2F 0-1: Ball 1-1: Ball 2-1: Foul Ball, location: 2F 2-2: Ball 3-2: SINGLE (Line Drive, 5D) Lonnie Austin to second
|
Batting: RHB Chris Green
|
0-0: Ball 1-0: DOUBLE (Line Drive, 7LM) Lonnie Austin scores Jim Unknown to third Runner from 3rd tries for Home, SAFE, no throw or cutoff
|
Batting: RHB Harry Simpson
|
0-0: Ground out 5-3 (Groundball, 5L)
|
Batting: RHB Jonah Moody
|
0-0: Ball 1-0: Fly out, F7 (Flyball, 7M)
|
Top of the 7th over - 5 run(s), 5 hit(s), 1 error(s), 1 left on base; Wichita 9 - Milton 1 |
BOTTOM OF THE 7TH |
Milton Bills batting - Pitching for Wichita Outriders : RHP Jim Unknown
|
Batting: LHB Lance Schiffer
|
0-0: Ball 1-0: Foul Ball, location: 2F 1-1: Foul Ball, location: 2F 1-2: Fly out, F8 (Flyball, 8LM)
|
Batting: RHB Luis Silva
|
0-0: Ball 1-0: Foul Ball, location: 2F 1-1: Foul Ball, location: 2F 1-2: Ball 2-2: Foul Ball, location: 2F 2-2: Fly out, F2 (Popup, 2LF)
|
Batting: RHB Alden Wiley
|
0-0: SINGLE (Line Drive, 7S)
|
Batting: RHB Steve McLeod
|
0-0: Called Strike 0-1: Ball 1-1: Ball 2-1: Ball 3-1: SINGLE (Line Drive, 6D) Alden Wiley to second
|
Batting: LHB Monte Pollard
|
0-0: Called Strike 0-1: Ball 1-1: Called Strike 1-2: Strikes out looking
|
Bottom of the 7th over - 0 run(s), 2 hit(s), 0 error(s), 2 left on base; Wichita 9 - Milton 1 |
TOP OF THE 8TH |
Wichita Outriders batting - Pitching for Milton Bills : LHP Eric Baxter
|
Batting: SHB Felipe González
|
0-0: Called Strike 0-1: Swinging Strike 0-2: Ball 1-2: Foul Ball, location: 2F 1-2: Foul Ball, location: 2F 1-2: Strikes out swinging
|
Batting: SHB Ken Osborne
|
0-0: SINGLE (Line Drive, 34D)
|
Batting: LHB Mike Parker
|
0-0: Grounds into double play, 4-6-3 (Groundball, 4)
|
Top of the 8th over - 0 run(s), 1 hit(s), 0 error(s), 0 left on base; Wichita 9 - Milton 1 |
BOTTOM OF THE 8TH |
Milton Bills batting - Pitching for Wichita Outriders : RHP Jim Unknown
|
Batting: RHB Shane Franklin
|
0-0: Ball 1-0: SINGLE (Groundball, 4MS)
|
Batting: LHB Johnny Hernández
|
0-0: Fly out, F7 (Flyball, 7S)
|
Batting: RHB Roberto Andrade
|
0-0: Grounds into double play, 6-4-3 (Groundball, 6)
|
Bottom of the 8th over - 0 run(s), 1 hit(s), 0 error(s), 0 left on base; Wichita 9 - Milton 1 |
TOP OF THE 9TH |
Wichita Outriders batting - Pitching for Milton Bills : LHP Eric Baxter
|
Batting: LHB Denny Young
|
0-0: Swinging Strike 0-1: Ball 1-1: Ball 2-1: Foul Ball, location: 2F 2-2: Strikes out looking
|
Batting: LHB Lonnie Austin
|
0-0: Foul Ball, location: 2F 0-1: Swinging Strike 0-2: Ball 1-2: Ball 2-2: Foul Ball, location: 2F 2-2: Hit by Pitch
|
Batting: RHB Jim Unknown
|
0-0: Ball 1-0: Fly out, F9 (Flyball, 9M)
|
Batting: RHB Chris Green
|
0-0: Ball 1-0: Foul Ball, location: 2F 1-1: Ground out 6-3 (Groundball, 6)
|
Top of the 9th over - 0 run(s), 0 hit(s), 0 error(s), 1 left on base; Wichita 9 - Milton 1 |
BOTTOM OF THE 9TH |
Milton Bills batting - Pitching for Wichita Outriders : RHP Jim Unknown
|
Batting: SHB Al Anderson
|
0-0: Called Strike 0-1: Swinging Strike 0-2: Ball 1-2: Strikes out swinging
|
Batting: LHB Lance Schiffer
|
0-0: Ball 1-0: SINGLE (Groundball, 34D)
|
Batting: RHB Luis Silva
|
0-0: Ball 1-0: Foul Ball, location: 2F 1-1: Ball 2-1: Fly out, F2 (Popup, 2LF)
|
Batting: RHB Alden Wiley
|
0-0: Ball 1-0: Ground out 4-3 (Groundball, 4)
|
Bottom of the 9th over - 0 run(s), 1 hit(s), 0 error(s), 1 left on base; Wichita 9 - Milton 1 |
|